AoeStats
← Atanar Klitza

Arena

507901764Analyzed
4v4 RM · 13d ago on Sep 20, 2026· 66m 43s· 8 players
Game mode
Random Map
Map size
Large (8 player)
Population
200
Speed
Normal
Resources
Standard
Victory
Conquest
Starting age
Dark Age
Ending age
Imperial Age
RankedLock teamsTeams togetherTeam positionsShared explorationLock speedFull tech treeHidden civsTurbo modeCheats
Victory
Defeat
🇸🇬 Huns · Singapore
788
+13
🇺🇸 Khmer · United States
702
+16
🇺🇸 Bohemians · United States
687
+17
🇺🇸 Vietnamese · United States
624
+19
🇦🇷 Khmer · Argentina
730
-17
🇨🇳 Japanese · China
710
-16
🇲🇽 Aztecs · Mexico
706
-16
🇲🇽 Saracens · Mexico
699
-16
Bergoglio
4:35 Loom
14:01 Feudal Age
16:56 Castle Age
15:57 Double-Bit Axe
15:55 Horse Collar
18:00 Bow Saw
17:57 Heavy Plow
24:39 Town Watch
25:52 Wheelbarrow
31:43 Imperial Age
30:22 Stone Mining
30:50 Husbandry
31:00 Bloodlines
30:56 Tusk Swords
33:03 Forging
32:58 Scale Barding Armor
33:19 Conscription
35:14 Chemistry
34:55 Iron Casting
35:22 Town Patrol
35:38 Hand Cart
36:06 Chain Barding Armor
36:46 Blast Furnace
35:54 Caravan
36:11 Pikeman
37:23 Halberdier
38:29 Gold Mining
40:18 Elite Battle Elephant
41:58 Arson
44:19 Hand Cart
46:54 Plate Barding Armor
47:19 Blast Furnace
50:29 Double Crossbow
51:24 Ballistics
51:17 Fortified Wall
52:21 Heavy Scorpion
52:32 Capped Ram
55:41 Blast Furnace
54:09 Siege Ram
60:07 Light Cavalry
Atanar Klitza
0:48 Loom
15:20 Feudal Age
16:00 Double-Bit Axe
16:52 Wheelbarrow
18:30 Forging
18:24 Scale Mail Armor
20:51 Gold Mining
21:01 Town Watch
22:27 Stone Mining
24:01 Horse Collar
28:42 Castle Age
28:56 Eagle Warrior
30:18 Iron Casting
29:59 Chain Mail Armor
29:35 Fletching
30:03 Bow Saw
31:07 Gold Shaft Mining
35:00 Hand Cart
35:32 Elite Skirmisher
38:01 Stone Shaft Mining
39:54 Sanctity
39:47 Devotion
40:47 Pikeman
41:28 Squires
41:13 Arson
41:51 Town Patrol
45:17 Imperial Age
46:24 Bodkin Arrow
47:32 Blast Furnace
47:03 Plate Mail Armor
46:35 Padded Archer Armor
47:50 Theocracy
47:43 Illumination
47:51 Illumination
49:58 Block Printing
50:36 Redemption
53:16 Elite Eagle Warrior
56:22 Fervor
56:13 Atonement
疯踹瘸子好腿
11:32 Feudal Age
15:40 Castle Age
17:44 Double-Bit Axe
17:45 Horse Collar
19:25 Bow Saw
22:19 Loom
23:56 Heavy Plow
26:12 Wheelbarrow
29:45 Imperial Age
28:17 Gold Mining
30:18 Padded Archer Armor
30:08 Fletching
29:47 Heavy Cavalry Archer
30:54 Conscription
30:35 Yasama
31:47 Parthian Tactics
31:22 Heavy Cavalry Archer
33:14 Gold Shaft Mining
33:01 Leather Archer Armor
32:41 Bodkin Arrow
34:08 Chemistry
33:29 Ballistics
33:32 Town Watch
33:33 Treadmill Crane
34:38 Ring Archer Armor
36:21 Kataparuto
43:22 Bracer
Azteca Beleren
0:54 Loom
12:25 Feudal Age
13:42 Wheelbarrow
12:58 Double-Bit Axe
13:01 Horse Collar
19:27 Bloodlines
24:01 Castle Age
22:35 Gold Mining
24:30 Scale Barding Armor
24:36 Forging
25:53 Hand Cart
25:51 Bow Saw
25:44 Heavy Plow
31:53 Fletching
32:24 Chain Barding Armor
32:37 Caravan
33:15 Bodkin Arrow
42:20 Husbandry
45:49 Imperial Age
43:03 Light Cavalry
46:22 Heavy Camel Rider
51:24 Elite Mameluke
53:28 Two-Man Saw
59:10 Conscription
Hitman4Hire24
0:28 Loom
12:44 Feudal Age
14:06 Wheelbarrow
13:23 Double-Bit Axe
13:21 Horse Collar
13:34 Gold Mining
13:33 Town Watch
14:07 Stone Mining
22:15 Forging
22:05 Scale Mail Armor
22:06 Padded Archer Armor
23:17 Scale Barding Armor
23:03 Fletching
23:03 Man-at-Arms
26:40 Arson
30:13 Castle Age
31:23 Hand Cart
31:10 Town Patrol
30:33 Long Swordsman
31:14 Squires
30:36 Pikeman
30:42 Elite Skirmisher
30:44 Crossbowman
32:15 Bow Saw
33:16 Heavy Plow
33:56 Stone Shaft Mining
34:12 Iron Casting
33:53 Chain Mail Armor
34:56 Thumb Ring
36:47 Leather Archer Armor
36:28 Bodkin Arrow
37:46 Chain Barding Armor
Scoobydoo117778
0:50 Loom
12:46 Feudal Age
13:25 Double-Bit Axe
13:36 Horse Collar
14:58 Wheelbarrow
21:45 Castle Age
21:19 Man-at-Arms
21:46 Arson
22:40 Bow Saw
24:15 Long Swordsman
25:46 Squires
27:38 Scale Mail Armor
27:30 Fletching
29:20 Hand Cart
30:54 Town Watch
31:05 Town Watch
30:55 Pikeman
31:08 Elite Skirmisher
34:17 Chemistry
35:36 Ballistics
35:18 Bodkin Arrow
35:25 Padded Archer Armor
35:41 Chain Mail Armor
35:37 Forging
41:14 Imperial Age
39:55 Iron Casting
41:07 Treadmill Crane
41:26 Houfnice
42:48 Halberdier
45:38 Siege Engineers
46:33 Bracer
48:39 Heavy Plow
50:05 Two-Man Saw
59:13 Two-Handed Swordsman
62:40 Champion
drtySASQUATCH69
0:34 Loom
17:16 Feudal Age
19:33 Wheelbarrow
18:43 Horse Collar
18:53 Double-Bit Axe
19:02 Stone Mining
19:07 Gold Mining
23:23 Forging
23:18 Scale Barding Armor
23:38 Bloodlines
28:24 Castle Age
26:34 Arson
30:00 Hand Cart
30:00 Bow Saw
30:33 Iron Casting
30:18 Chain Barding Armor
30:04 Heavy Plow
30:43 Gold Shaft Mining
30:55 Husbandry
32:47 Tusk Swords
36:11 Pikeman
41:55 Fletching
42:31 Bodkin Arrow
43:32 Caravan
44:26 Stone Shaft Mining
45:50 Ballistics
48:06 Imperial Age
50:09 Blast Furnace
49:45 Plate Barding Armor
49:54 Crop Rotation
50:34 Conscription
50:40 Double Crossbow
51:26 Onager
52:07 Elite Ballista Elephant
57:08 Chemistry
59:28 Siege Engineers
66:36 Elite Battle Elephant
Soldaris
1:58 Loom
9:57 Feudal Age
10:27 Double-Bit Axe
11:19 Wheelbarrow
13:21 Horse Collar
15:01 Stone Mining
16:39 Gold Mining
19:51 Castle Age
19:01 Forging
20:49 Bow Saw
20:41 Heavy Plow
22:23 Fletching
27:20 Bodkin Arrow
30:02 Hand Cart
32:35 Murder Holes
34:12 Caravan
35:23 Gold Shaft Mining
39:32 Imperial Age
37:09 Padded Archer Armor
38:27 Iron Casting
37:58 Scale Barding Armor
39:32 Marauders
39:52 Bloodlines
39:44 Husbandry
40:24 Chain Barding Armor
40:05 Scale Mail Armor
40:21 Leather Archer Armor
41:15 Two-Man Saw
41:17 Conscription
41:18 Bracer
41:41 Ballistics
42:22 Chemistry
43:04 Pikeman
43:45 Squires
45:10 Blast Furnace
44:45 Plate Barding Armor
48:38 Chain Mail Armor
48:27 Elite Skirmisher
49:33 Parthian Tactics
48:29 Heavy Cavalry Archer
49:15 Thumb Ring
50:05 Imperial Skirmisher
52:00 Halberdier
54:28 Cavalier
55:35 Elite Tarkan
Connection lost

Rejoining the realm…

Still unreachable

The connection could not be restored.

Session expired

The server has moved on; the page needs a fresh start.